| TOP OF THE 1ST |
|
Amarillo Gold Sox batting - Pitching for El Paso Sun Kings : RHP Kevin Fitzhugh
|
|
Pitching: RHP Kevin Fitzhugh
|
|
|
Batting: LHB Hector Arroyo
|
0-0: Foul Ball, location: 2F 0-1: Swinging Strike 0-2: Strikes out swinging
|
|
Batting: LHB Derwin McNealy
|
0-0: Foul Ball, location: 2F 0-1: Foul Ball, location: 2F 0-2: Foul Ball, location: 2F 0-2: Fly out, F9 (Flyball, 9S, EV 88.1 MPH)
|
|
Batting: LHB Louie Meadows
|
0-0: Ball 1-0: DOUBLE (Line Drive, 5D, EV 98.8 MPH)
|
|
Batting: RHB Bill Pecota
|
0-0: Ground out 6-3 (Groundball, 6MD, EV 96.9 MPH)
|
| Top of the 1st over - 0 runs, 1 hit, 0 errors, 1 left on base; Amarillo 0 - El Paso 0 |
| BOTTOM OF THE 1ST |
|
El Paso Sun Kings batting - Pitching for Amarillo Gold Sox : RHP Al Nipper
|
|
Pitching: RHP Al Nipper
|
|
|
Batting: LHB Stanley Hendrickson
|
0-0: Ball 1-0: Called Strike 1-1: Ball 2-1: Foul Ball, location: 2F 2-2: Foul Ball, location: 2F 2-2: Ball 3-2: Base on Balls
|
|
Batting: RHB Danny Ramires
|
0-0: Ball 1-0: Ball 2-0: Ball 3-0: Base on Balls Stanley Hendrickson to second
|
|
Batting: LHB Scott Bradley
|
0-0: Ball 1-0: Called Strike 1-1: Foul Ball, location: 2F 1-2: SINGLE (Groundball, 6MS, EV 68.8 MPH) (infield hit) Stanley Hendrickson to third Danny Ramires to second
|
|
Batting: RHB Chuckie Canady
|
0-0: Ball 1-0: Called Strike 1-1: Fly out, F9 (Flyball, 9D, EV 99.4 MPH) Runner from 3rd tags up, SCORES, throw by RF Danny Ramires to third
|
|
Batting: RHB Jon Hansen
|
0-0: Fielders Choice at 2nd, 6-4 (Groundball, 6, EV 97.5 MPH) Danny Ramires scores
|
|
Batting: LHB Franklin Lopez
|
0-0: Ball 1-0: Ball 2-0: Ball 3-0: Called Strike 3-1: SINGLE (Groundball, 6D, EV 109.4 MPH) Jon Hansen to second
|
|
Batting: SHB Danny Torres
|
0-0: Ball 1-0: Called Strike 1-1: Ball 2-1: Foul Ball, location: 2F 2-2: SINGLE (Line Drive, 6MD, EV 103.1 MPH) Jon Hansen to third Franklin Lopez to second Runner from 3rd tries for Home, SAFE, throw by CF to home Franklin Lopez to third Danny Torres to second
|
|
Batting: RHB Michael Hanson
|
0-0: Ball 1-0: Foul Ball, location: 2F 1-1: Foul Ball, location: 2F 1-2: Ball 2-2: Foul Ball, location: 2F 2-2: Ball 3-2: Base on Balls
|
|
Batting: RHB Mike Anicich
|
0-0: SINGLE (Line Drive, 3L, EV 106.9 MPH) Franklin Lopez scores Danny Torres to third Michael Hanson to second
|
|
Batting: LHB Stanley Hendrickson
|
0-0: DOUBLE (Line Drive, 7LM, EV 108.8 MPH) Danny Torres scores Michael Hanson scores Mike Anicich to third
|
|
Batting: RHB Danny Ramires
|
0-0: Called Strike 0-1: Ball 1-1: Ball 2-1: Called Strike 2-2: Strikes out looking
|
| Bottom of the 1st over - 6 runs, 5 hits, 0 errors, 2 left on base; Amarillo 0 - El Paso 6 |
| TOP OF THE 2ND |
|
Amarillo Gold Sox batting - Pitching for El Paso Sun Kings : RHP Kevin Fitzhugh
|
|
Batting: SHB Steve Jeltz
|
0-0: Ball 1-0: Foul Ball, location: 2F 1-1: Foul Ball, location: 2F 1-2: Ball 2-2: Ball 3-2: DOUBLE (Line Drive, 89D, EV 109.4 MPH)
|
|
Batting: RHB Andrew Barbee
|
0-0: Ball 1-0: Called Strike 1-1: Swinging Strike 1-2: SINGLE (Groundball, 5S, EV 72.5 MPH) (infield hit) Steve Jeltz to third
|
|
Batting: RHB Vic Alvarado
|
0-0: Called Strike 0-1: Called Strike 0-2: Ball 1-2: Foul Ball, location: 2F 1-2: Strikes out looking
|
|
Batting: RHB Todd Smith
|
0-0: Ball Andrew Barbee steals 2nd base 1-0: Called Strike 1-1: SINGLE (Groundball, 56D, EV 100.6 MPH) Steve Jeltz scores Andrew Barbee to third Runner from 3rd tries for Home, throw by LF and OUT! 7-2 Todd Smith to second
|
|
Batting: RHB J.P. Pierson
|
0-0: Swinging Strike 0-1: Ball 1-1: Swinging Strike 1-2: Foul Ball, location: 2F 1-2: Ball 2-2: Ball 3-2: Fly out, F9 (Line Drive, 9, EV 89.4 MPH)
|
| Top of the 2nd over - 1 run, 3 hits, 0 errors, 1 left on base; Amarillo 1 - El Paso 6 |
| BOTTOM OF THE 2ND |
|
El Paso Sun Kings batting - Pitching for Amarillo Gold Sox : RHP Al Nipper
|
|
Batting: LHB Scott Bradley
|
0-0: Called Strike 0-1: Ball 1-1: Ball 2-1: Ball 3-1: Base on Balls
|
|
Batting: RHB Chuckie Canady
|
0-0: Ball 1-0: Called Strike 1-1: Foul Ball, location: 2F 1-2: Strikes out swinging
|
|
Batting: RHB Jon Hansen
|
0-0: Ball 1-0: Ball 2-0: Called Strike 2-1: Called Strike 2-2: Foul Ball, location: 2F 2-2: Foul Ball, location: 2F 2-2: Ball 3-2: Base on Balls Scott Bradley to second
|
|
Batting: LHB Franklin Lopez
|
0-0: Ball 1-0: Ball 2-0: Swinging Strike 2-1: Ball 3-1: Foul Ball, location: 2F 3-2: Strikes out looking
|
|
Batting: SHB Danny Torres
|
0-0: Called Strike 0-1: Ball 1-1: Ball 2-1: Ball 3-1: SINGLE (Groundball, 4MD, EV 100.0 MPH) Scott Bradley to third Jon Hansen to second Runner from 3rd tries for Home, SAFE, throw by CF to home
|
|
Pitching: RHP Alec Christianson
|
|
|
Batting: RHB Michael Hanson
|
0-0: Ball 1-0: Swinging Strike 1-1: Foul Ball, location: 2F 1-2: Ball 2-2: Strikes out swinging
|
| Bottom of the 2nd over - 1 run, 1 hit, 0 errors, 2 left on base; Amarillo 1 - El Paso 7 |
| TOP OF THE 3RD |
|
Amarillo Gold Sox batting - Pitching for El Paso Sun Kings : RHP Kevin Fitzhugh
|
|
Batting: LHB Hector Arroyo
|
0-0: Called Strike 0-1: Swinging Strike 0-2: Ball 1-2: Foul Ball, location: 2F 1-2: Ball 2-2: Foul Ball, location: 2F 2-2: Fly out, F5 (Flyball, 5D, EV 87.5 MPH)
|
|
Batting: LHB Derwin McNealy
|
0-0: Ball 1-0: Ball 2-0: Ball 3-0: Base on Balls
|
|
Batting: LHB Louie Meadows
|
0-0: Ball Passed Ball! Derwin McNealy to second 1-0: Ball Derwin McNealy steals 3rd base 2-0: Ball 3-0: Base on Balls
|
|
Batting: RHB Bill Pecota
|
0-0: Ball 1-0: Foul Ball, location: 2F 1-1: Ball 2-1: Foul Ball, location: 2F 2-2: Fly out, F9 (Flyball, 9LM, EV 80.6 MPH) Runner from 3rd tags up, SCORES, no throw by RF
|
|
Batting: SHB Steve Jeltz
|
0-0: Ball 1-0: Foul Ball, location: 2F 1-1: SINGLE (Groundball, 4M, EV 110.6 MPH) Louie Meadows to second Runner from 2nd tries for 3rd, SAFE, no throw by CF
|
|
Batting: RHB Andrew Barbee
|
0-0: Reached on error, E4 (Groundball, 4, EV 86.9 MPH) Louie Meadows scores Steve Jeltz to third
|
|
Batting: RHB Vic Alvarado
|
0-0: Called Strike 0-1: Called Strike 0-2: DOUBLE (Line Drive, 89M, EV 101.9 MPH) Steve Jeltz scores Andrew Barbee scores
|
|
Batting: RHB Todd Smith
|
0-0: Called Strike 0-1: Called Strike 0-2: Ball 1-2: SINGLE (Groundball, 56D, EV 95.0 MPH) Vic Alvarado to third Runner from 3rd tries for Home, SAFE, throw by LF to home
|
|
Batting: RHB J.P. Pierson
|
0-0: Ball 1-0: Ball 2-0: Ball 3-0: Base on Balls Todd Smith to second
|
|
Batting: LHB Hector Arroyo
|
0-0: Called Strike 0-1: Fly out, F8 (Flyball, 78D, EV 95.0 MPH)
|
| Top of the 3rd over - 5 runs, 3 hits, 1 error, 2 left on base; Amarillo 6 - El Paso 7 |
| BOTTOM OF THE 3RD |
|
El Paso Sun Kings batting - Pitching for Amarillo Gold Sox : RHP Alec Christianson
|
|
Batting: RHB Mike Anicich
|
0-0: Called Strike 0-1: Called Strike 0-2: Ball 1-2: Ball 2-2: Ground out 4-3 (Groundball, 4, EV 100.0 MPH)
|
|
Batting: LHB Stanley Hendrickson
|
0-0: Called Strike 0-1: Ball 1-1: Ball 2-1: Foul Ball, location: 2F 2-2: Foul Ball, location: 2F 2-2: Ball 3-2: Fly out, F9 (Flyball, 9D, EV 83.1 MPH)
|
|
Batting: RHB Danny Ramires
|
0-0: Foul Ball, location: 2F 0-1: Swinging Strike 0-2: Foul Ball, location: 2F 0-2: SINGLE (Groundball, 34, EV 101.9 MPH) (infield hit)
|
|
Batting: LHB Scott Bradley
|
0-0: Ball 1-0: SINGLE (Groundball, 4M, EV 104.4 MPH) Danny Ramires to second
|
|
Batting: RHB Chuckie Canady
|
0-0: Ball 1-0: Ball 2-0: Ball 3-0: Called Strike 3-1: Foul Ball, location: 2F 3-2: Base on Balls Danny Ramires to third Scott Bradley to second
|
|
Batting: RHB Jon Hansen
|
0-0: Called Strike 0-1: Ball 1-1: Ball 2-1: Called Strike 2-2: Foul Ball, location: 2F 2-2: Ball 3-2: Base on Balls Danny Ramires scores Scott Bradley to third Chuckie Canady to second
|
|
Batting: LHB Franklin Lopez
|
0-0: Ball 1-0: Ball 2-0: Foul Ball, location: 2F 2-1: SINGLE (Flyball, 3D, EV 85.0 MPH) Scott Bradley scores Chuckie Canady to third Jon Hansen to second Runner from 3rd tries for Home, SAFE, throw by RF to home
|
|
Batting: SHB Danny Torres
|
0-0: Ball 1-0: SINGLE (Groundball, 4S, EV 73.1 MPH) (infield hit) Jon Hansen to third Franklin Lopez to second
|
|
Batting: RHB Michael Hanson
|
0-0: Fielders Choice at 2nd, U4 (Groundball, 4M, EV 101.9 MPH)
|
| Bottom of the 3rd over - 3 runs, 4 hits, 0 errors, 3 left on base; Amarillo 6 - El Paso 10 |
| TOP OF THE 4TH |
|
Amarillo Gold Sox batting - Pitching for El Paso Sun Kings : RHP Kevin Fitzhugh
|
|
Batting: LHB Derwin McNealy
|
0-0: Called Strike 0-1: Called Strike 0-2: Ball 1-2: Foul Ball, location: 2F 1-2: Ball 2-2: Ground out 5-3 (Groundball, 56S, EV 68.1 MPH)
|
|
Batting: LHB Louie Meadows
|
0-0: Called Strike 0-1: Ball 1-1: Ground out U3 (Groundball, 34S, EV 69.4 MPH)
|
|
Batting: RHB Bill Pecota
|
0-0: Called Strike 0-1: Ball 1-1: Foul Ball, location: 2F 1-2: Ball 2-2: Strikes out looking
|
| Top of the 4th over - 0 runs, 0 hits, 0 errors, 0 left on base; Amarillo 6 - El Paso 10 |
| BOTTOM OF THE 4TH |
|
El Paso Sun Kings batting - Pitching for Amarillo Gold Sox : RHP Alec Christianson
|
|
Batting: RHB Mike Anicich
|
0-0: Called Strike 0-1: Ball 1-1: Ground out 5-3 (Groundball, 56, EV 101.3 MPH)
|
|
Batting: LHB Stanley Hendrickson
|
0-0: Ball 1-0: Ball 2-0: Ball 3-0: Base on Balls
|
|
Batting: RHB Danny Ramires
|
0-0: Ball Stanley Hendrickson steals 2nd base 1-0: Swinging Strike 1-1: Ball 2-1: Foul Ball, location: 2F 2-2: Ball 3-2: Foul Ball, location: 2F 3-2: Foul Ball, location: 2F 3-2: Ground out 4-3 (Groundball, 4, EV 98.1 MPH) Stanley Hendrickson to third
|
|
Pitching: RHP Luis Peralta
|
|
|
Batting: LHB Scott Bradley
|
0-0: Fly out, F8 (Flyball, 8RD, EV 101.3 MPH)
|
| Bottom of the 4th over - 0 runs, 0 hits, 0 errors, 1 left on base; Amarillo 6 - El Paso 10 |
| TOP OF THE 5TH |
|
Amarillo Gold Sox batting - Pitching for El Paso Sun Kings : RHP Kevin Fitzhugh
|
|
Batting: SHB Steve Jeltz
|
0-0: Called Strike 0-1: Ball 1-1: SINGLE (Line Drive, 7S, EV 86.3 MPH)
|
|
Pitching: RHP John Harness
|
|
|
Batting: RHB Andrew Barbee
|
0-0: Ball 1-0: Fly out, F8 (Flyball, 8RD, EV 85.6 MPH)
|
|
Batting: RHB Vic Alvarado
|
0-0: Ball 1-0: Ball 2-0: Ball 3-0: Base on Balls Steve Jeltz to second
|
|
Batting: RHB Todd Smith
|
0-0: Ball 1-0: Swinging Strike 1-1: Ball 2-1: Swinging Strike 2-2: Foul Ball, location: 2F 2-2: Fly out, F7 (Flyball, 7LS, EV 85.6 MPH)
|
|
Batting: RHB J.P. Pierson
|
0-0: Called Strike 0-1: Ball 1-1: Ball 2-1: Foul Ball, location: 2F 2-2: Ball 3-2: Base on Balls Steve Jeltz to third Vic Alvarado to second
|
|
Batting: LHB Hector Arroyo
|
0-0: Ball 1-0: Ball 2-0: Ball 3-0: Called Strike 3-1: Base on Balls Steve Jeltz scores Vic Alvarado to third J.P. Pierson to second
|
|
Batting: LHB Derwin McNealy
|
0-0: Ball 1-0: Swinging Strike 1-1: Ball 2-1: Called Strike 2-2: Ball 3-2: Foul Ball, location: 2F 3-2: Ground out 5-3 (Groundball, 56, EV 108.8 MPH)
|
| Top of the 5th over - 1 run, 1 hit, 0 errors, 3 left on base; Amarillo 7 - El Paso 10 |
| BOTTOM OF THE 5TH |
|
El Paso Sun Kings batting - Pitching for Amarillo Gold Sox : RHP Luis Peralta
|
|
Batting: RHB Chuckie Canady
|
0-0: Foul Ball, location: 2F 0-1: Ball 1-1: Ball 2-1: Foul Ball, location: 2F 2-2: Strikes out looking
|
|
Batting: RHB Jon Hansen
|
0-0: Ground out 5-3 (Groundball, 56, EV 83.8 MPH)
|
|
Batting: LHB Franklin Lopez
|
0-0: Fly out, F7 (Flyball, 78S, EV 75.0 MPH)
|
| Bottom of the 5th over - 0 runs, 0 hits, 0 errors, 0 left on base; Amarillo 7 - El Paso 10 |
| TOP OF THE 6TH |
|
Amarillo Gold Sox batting - Pitching for El Paso Sun Kings : RHP John Harness
|
|
Batting: LHB Louie Meadows
|
0-0: Called Strike 0-1: Ball 1-1: SINGLE (Groundball, 6D, EV 107.5 MPH)
|
|
Pitching: RHP Dave Shipanoff
|
|
|
Batting: RHB Bill Pecota
|
0-0: Ball 1-0: Ball 2-0: Ball 3-0: Called Strike 3-1: DOUBLE (Flyball, 78D, EV 109.4 MPH) Louie Meadows to third
|
|
Batting: SHB Steve Jeltz
|
0-0: Ball 1-0: Foul Ball, location: 2F 1-1: Foul Ball, location: 2F 1-2: Foul Ball, location: 2F 1-2: Foul Ball, location: 2F 1-2: Strikes out looking
|
|
Batting: RHB Andrew Barbee
|
0-0: Ball 1-0: Foul Ball, location: 2F 1-1: Ground out U3 (Groundball, 3S, EV 81.9 MPH)
|
|
Batting: RHB Vic Alvarado
|
0-0: Ball 1-0: Ball 2-0: Foul Ball, location: 2F 2-1: Swinging Strike 2-2: Ground out 5-3 (Groundball, 56S, EV 77.5 MPH)
|
| Top of the 6th over - 0 runs, 2 hits, 0 errors, 2 left on base; Amarillo 7 - El Paso 10 |
| BOTTOM OF THE 6TH |
|
El Paso Sun Kings batting - Pitching for Amarillo Gold Sox : RHP Luis Peralta
|
|
Batting: SHB Danny Torres
|
0-0: Foul Ball, location: 2F 0-1: Called Strike 0-2: Ball 1-2: Foul Ball, location: 2F 1-2: Fly out, F7 (Flyball, 7LM, EV 96.3 MPH)
|
|
Batting: RHB Michael Hanson
|
0-0: Ground out 5-3 (Groundball, 56, EV 92.5 MPH)
|
|
Batting: RHB Mike Anicich
|
0-0: Called Strike 0-1: Ball 1-1: Ball 2-1: Called Strike 2-2: Foul Ball, location: 2F 2-2: Foul Ball, location: 2F 2-2: Ball 3-2: Strikes out looking
|
| Bottom of the 6th over - 0 runs, 0 hits, 0 errors, 0 left on base; Amarillo 7 - El Paso 10 |
| TOP OF THE 7TH |
|
Amarillo Gold Sox batting - Pitching for El Paso Sun Kings : RHP Dave Shipanoff
|
|
Batting: RHB Todd Smith
|
0-0: Called Strike 0-1: Ball 1-1: Swinging Strike 1-2: Strikes out looking
|
|
Batting: RHB J.P. Pierson
|
0-0: Swinging Strike 0-1: Ball 1-1: Called Strike 1-2: Strikes out swinging
|
|
Batting: LHB Hector Arroyo
|
0-0: Called Strike 0-1: Called Strike 0-2: Ball 1-2: Ball 2-2: Fly out, F6 (Flyball, 56D, EV 83.1 MPH)
|
| Top of the 7th over - 0 runs, 0 hits, 0 errors, 0 left on base; Amarillo 7 - El Paso 10 |
| BOTTOM OF THE 7TH |
|
El Paso Sun Kings batting - Pitching for Amarillo Gold Sox : RHP Luis Peralta
|
|
Batting: LHB Stanley Hendrickson
|
0-0: Foul Ball, location: 2F 0-1: Ground out 4-3 (Groundball, 4M, EV 101.3 MPH)
|
|
Batting: RHB Danny Ramires
|
0-0: Ball 1-0: Ball 2-0: Ball 3-0: Base on Balls
|
|
Batting: LHB Scott Bradley
|
0-0: Ball 1-0: Called Strike 1-1: Ball 2-1: Grounds into double play, 6-4-3 (Groundball, 6, EV 85.6 MPH)
|
| Bottom of the 7th over - 0 runs, 0 hits, 0 errors, 0 left on base; Amarillo 7 - El Paso 10 |
| TOP OF THE 8TH |
|
Amarillo Gold Sox batting - Pitching for El Paso Sun Kings : RHP Dave Shipanoff
|
|
Batting: LHB Derwin McNealy
|
0-0: Foul Ball, location: 2F 0-1: Ball 1-1: Ball 2-1: Foul Ball, location: 2F 2-2: Ball 3-2: Foul Ball, location: 2F 3-2: Strikes out swinging
|
|
Batting: LHB Louie Meadows
|
0-0: Ball 1-0: Ball 2-0: Ball 3-0: Base on Balls
|
|
Pitching: RHP Kevin Keene
|
|
|
Batting: RHB Bill Pecota
|
0-0: Ball 1-0: Foul Ball, location: 2F 1-1: Foul Ball, location: 2F 1-2: Fielders Choice at 2nd, 4-6 (Groundball, 34D, EV 85.6 MPH)
|
|
Batting: SHB Steve Jeltz
|
0-0: Called Strike 0-1: Ball 1-1: Ball 2-1: Fielders Choice at 2nd, 4-6 (Groundball, 4MD, EV 98.1 MPH)
|
| Top of the 8th over - 0 runs, 0 hits, 0 errors, 1 left on base; Amarillo 7 - El Paso 10 |
| BOTTOM OF THE 8TH |
|
El Paso Sun Kings batting - Pitching for Amarillo Gold Sox : RHP Luis Peralta
|
|
Batting: RHB Chuckie Canady
|
0-0: Foul Ball, location: 2F 0-1: Ball 1-1: Foul Ball, location: 2F 1-2: Ground out 5-3 (Groundball, 56, EV 106.3 MPH)
|
|
Batting: RHB Jon Hansen
|
0-0: SINGLE (Groundball, 6MD, EV 99.4 MPH)
|
|
Batting: LHB Franklin Lopez
|
0-0: Swinging Strike 0-1: SINGLE (Flyball, 78S, EV 88.8 MPH) Jon Hansen to second
|
|
Batting: SHB Danny Torres
|
0-0: Ball 1-0: Fielders Choice at 2nd, 4-6 (Groundball, 4, EV 83.1 MPH) Jon Hansen to third
|
|
Pitching: RHP Charles Schupp
|
|
|
Batting: RHB Michael Hanson
|
0-0: Ball 1-0: SINGLE (Groundball, 15, EV 83.8 MPH) (infield hit) Jon Hansen scores Danny Torres to second
|
|
Batting: RHB Mike Anicich
|
0-0: Called Strike 0-1: Ball 1-1: Ball 2-1: Swinging Strike 2-2: Ball 3-2: Foul Ball, location: 2F 3-2: Fly out, F7 (Flyball, 78D, EV 92.5 MPH)
|
| Bottom of the 8th over - 1 run, 3 hits, 0 errors, 2 left on base; Amarillo 7 - El Paso 11 |
| TOP OF THE 9TH |
|
Amarillo Gold Sox batting - Pitching for El Paso Sun Kings : RHP Kevin Keene
|
|
Batting: RHB Andrew Barbee
|
0-0: Ball 1-0: Called Strike 1-1: Fly out, F7 (Flyball, 7, EV 87.5 MPH)
|
|
Batting: RHB Vic Alvarado
|
0-0: Ground out 5-3 (Groundball, 56S, EV 78.1 MPH)
|
|
Batting: RHB Todd Smith
|
0-0: Ball 1-0: Foul Ball, location: 2F 1-1: Foul Ball, location: 2F 1-2: Fly out, F8 (Line Drive, 8LD, EV 97.5 MPH)
|
| Top of the 9th over - 0 runs, 0 hits, 0 errors, 0 left on base; Amarillo 7 - El Paso 11 |
|